AoeStats
← ITA | GiaggiaZena

Fortress

509746988Analyzed
4v4 RM · 6d ago on Sep 27, 2026· 55m 15s· 8 players
Game mode
Random Map
Map size
Huge
Population
200
Speed
Normal
Resources
Standard
Victory
Conquest
Starting age
Dark Age
Ending age
Imperial Age
RankedLock teamsTeams togetherTeam positionsShared explorationLock speedFull tech treeHidden civsTurbo modeCheats
Victory
Defeat
🇨🇳 Persians · China
1405
+14
🇮🇹 Mongols · Italy
1397
+14
🇩🇪 Malay · Germany
1385
+15
🇸🇪 Bengalis · Sweden
1354
+16
🇲🇽 Varangians · Mexico
1385
-16
🇧🇷 Dravidians · Brazil
1364
-15
🇺🇸 Saxons · United States
1351
-14
🇺🇸 Danes · United States
1347
-14
Ux'BorealTulip
8:35 Feudal Age
8:39 Feudal Age
10:19 Double-Bit Axe
13:01 Castle Age
10:46 Horse Collar
14:16 Wheelbarrow
19:15 Loom
19:16 Town Watch
20:26 Bow Saw
20:56 Gold Mining
24:58 Fervor
27:51 Imperial Age
25:56 Stone Mining
26:48 Scale Barding Armor
26:54 Forging
27:24 Hand Cart
27:53 Stone Shaft Mining
27:59 Chain Barding Armor
27:44 Husbandry
28:39 Elite Jarl
30:10 Plate Barding Armor
29:18 Vendel Legacy
31:56 Bloodlines
31:54 Pikeman
32:37 Squires
33:22 Iron Casting
33:33 Conscription
32:49 Halberdier
35:35 Blast Furnace
34:25 Fletching
34:37 Scale Mail Armor
36:59 Arson
37:30 Chain Mail Armor
39:32 Plate Mail Armor
39:37 Cavalier
40:17 Capped Ram
41:16 Siege Ram
42:53 Heavy Plow
42:50 Light Cavalry
45:15 Crop Rotation
45:48 Two-Man Saw
44:36 Hussar
Dirty Dave
7:18 Feudal Age
11:09 Castle Age
9:10 Double-Bit Axe
9:33 Horse Collar
12:01 Scale Mail Armor
12:07 Arson
12:14 Loom
19:13 Squires
20:31 Chain Mail Armor
22:33 Bow Saw
23:18 Wheelbarrow
25:45 Forging
26:22 Heavy Plow
32:09 Imperial Age
30:23 Fletching
31:17 Pikeman
32:21 Halberdier
34:10 Plate Mail Armor
39:28 Hand Cart
40:50 Iron Casting
42:55 Blast Furnace
43:09 Capped Ram
44:23 Siege Ram
47:18 Chemistry
46:47 Ballistics
48:51 Heavy Scorpion
50:35 Chemistry
52:45 Siege Engineers
Kuroko
5:45 Loom
7:31 Feudal Age
9:15 Double-Bit Axe
12:02 Castle Age
10:00 Horse Collar
16:55 Wheelbarrow
19:23 Gold Mining
22:50 Imperial Age
21:38 Bow Saw
21:33 Fletching
21:43 Padded Archer Armor
22:06 Ballistics
23:11 Bodkin Arrow
23:31 Leather Archer Armor
26:07 Elite Elephant Archer
27:53 Bracer
30:12 Ring Archer Armor
33:34 Husbandry
34:08 Thumb Ring
35:41 Chemistry
38:55 Hand Cart
38:32 Pikeman
39:12 Scale Mail Armor
39:23 Forging
40:25 Stone Mining
41:37 Two-Man Saw
40:59 Chain Mail Armor
41:20 Iron Casting
40:36 Halberdier
44:37 Plate Mail Armor
45:10 Blast Furnace
44:01 Siege Elephant
Snorkiss89
8:28 Feudal Age
9:18 Double-Bit Axe
9:15 Horse Collar
12:00 Castle Age
11:36 Scale Mail Armor
12:05 Forging
12:59 Gold Mining
13:26 Chain Mail Armor
13:13 Squires
14:10 Bow Saw
17:30 Iron Casting
23:05 Wheelbarrow
24:24 Heavy Plow
26:59 Stone Mining
27:44 Gold Shaft Mining
27:06 Loom
27:38 Hand Cart
31:37 Imperial Age
29:17 Gambesons
29:20 Arson
31:13 Pikeman
31:59 Treadmill Crane
32:41 Ballistics
31:53 Halberdier
33:18 Crop Rotation
33:57 Two-Man Saw
33:31 Plate Mail Armor
32:49 Shield Wall
33:51 Elite Varangian Guard
35:15 Conscription
36:23 Siege Engineers
37:19 Chemistry
36:11 Fletching
38:02 Bodkin Arrow
38:06 Murder Holes
39:06 Bracer
50:55 Caravan
51:55 Fortified Wall
52:35 Masonry
Mowgli
8:16 Feudal Age
12:19 Castle Age
10:05 Loom
10:16 Horse Collar
10:55 Double-Bit Axe
11:48 Gold Mining
11:54 Stone Mining
13:11 Heavy Plow
16:24 Bow Saw
19:48 Wheelbarrow
18:58 Town Watch
21:22 Hand Cart
22:21 Scale Barding Armor
22:26 Forging
22:43 Bloodlines
22:33 Husbandry
23:02 Husbandry
23:36 Chain Barding Armor
25:27 Iron Casting
26:48 Paiks
29:20 Imperial Age
29:23 Elite Battle Elephant
31:14 Plate Barding Armor
31:40 Blast Furnace
30:30 Fletching
31:34 Conscription
30:57 Siege Elephant
34:05 Mahayana
33:47 Caravan
34:17 Coinage
34:09 Bodkin Arrow
34:38 Ballistics
35:19 Chemistry
34:30 Masonry
34:16 Murder Holes
35:24 Chemistry
35:14 Stone Mining
36:03 Gold Shaft Mining
40:36 Two-Man Saw
43:31 Banking
44:25 Guilds
46:09 Bracer
46:42 Architecture
51:50 Guard Tower
51:45 Arrowslits
52:11 Fortified Wall
52:09 Siege Engineers
Acces
1:31 Loom
7:41 Feudal Age
7:50 Horse Collar
7:56 Double-Bit Axe
15:42 Castle Age
14:00 Fletching
15:06 Crossbowman
16:42 Forging
21:37 Iron Casting
22:31 Bodkin Arrow
23:24 Gold Mining
26:16 Heavy Plow
26:29 Bow Saw
28:52 Wheelbarrow
31:57 Imperial Age
29:33 Husbandry
29:42 Scale Barding Armor
30:20 Squires
30:06 Arson
31:10 Gold Shaft Mining
32:52 Blast Furnace
33:30 Town Watch
34:32 Elite Karambit Warrior
35:06 Stone Mining
37:06 Hand Cart
40:43 Bracer
41:19 Light Cavalry
46:31 Ballistics
47:12 Chemistry
46:23 Masonry
47:28 Conscription
46:34 Capped Ram
48:09 Forced Levy
48:17 Forced Levy
47:45 Man-at-Arms
52:33 Caravan
ITA | GiaggiaZena
7:09 Feudal Age
8:43 Double-Bit Axe
11:10 Castle Age
9:20 Horse Collar
16:05 Wheelbarrow
15:59 Bow Saw
17:31 Gold Mining
17:53 Loom
20:38 Fletching
30:33 Gold Shaft Mining
33:36 Imperial Age
32:19 Bodkin Arrow
32:13 Elite Skirmisher
32:56 Padded Archer Armor
33:54 Ballistics
34:01 Stone Mining
34:23 Bracer
39:24 Chemistry
38:47 Leather Archer Armor
44:45 Thumb Ring
棉花糖
7:32 Feudal Age
8:40 Town Watch
8:48 Double-Bit Axe
11:18 Castle Age
10:29 Horse Collar
14:50 Wheelbarrow
14:34 Bow Saw
18:51 Loom
22:26 Hand Cart
24:46 Imperial Age
23:38 Gold Mining
24:23 Scale Barding Armor
25:10 Forging
25:36 Conscription
26:20 Two-Man Saw
25:26 Heavy Plow
25:08 Cavalier
26:00 Bloodlines
25:50 Husbandry
26:50 Chain Barding Armor
26:57 Savar
28:57 Gold Shaft Mining
28:14 Stone Mining
29:43 Plate Barding Armor
30:20 Iron Casting
32:53 Blast Furnace
32:49 Caravan
34:42 Fletching
35:54 Chemistry
35:15 Ballistics
35:38 Bodkin Arrow
35:44 Padded Archer Armor
38:32 Leather Archer Armor
40:05 Ring Archer Armor
40:11 Coinage
44:02 Light Cavalry
49:38 Capped Ram
52:42 Siege Ram
Connection lost

Rejoining the realm…

Still unreachable

The connection could not be restored.

Session expired

The server has moved on; the page needs a fresh start.